 Dungeon Crawl Stone Soup version 0.24-a0-654-g80d7c3d (webtiles) character file.

Game seed: 707500917244666877, levelgen mode: deterministic

1225 Lostdux the Basher (level 8, 0/69 HPs)
             Began as a Minotaur Monk on Sept 27, 2019.
             Killed from afar by an orc wizard (9 damage)
             ... with a puff of flame
             ... on level 6 of the Dungeon.
             The game lasted 00:16:05 (4651 turns).

Lostdux the Basher (Minotaur Monk)                  Turns: 4651, Time: 00:16:06

Health: 0/69       AC:  9    Str: 17    XL:     8   Next: 23%
Magic:  16/16      EV: 15    Int:  7    God:
Gold:   178        SH:  0    Dex: 14    Spells: 6/8 levels left

rFire    . . .     SeeInvis .   k - +0 flail (protect)
rCold    . . .     Gourm    .   (no shield)
rNeg     . . .     Faith    .   a - +0 robe
rPois    .         Spirit   .   (helmet restricted)
rElec    .         Reflect  .   (no cloak)
rCorr    .         Harm     .   (no gloves)
MR       .....                  (no boots)
Stlth    ++........             (no amulet)
HPRegen  0.21/turn              w - ring of magical power
MPRegen  0.15/turn              t - ring of flight

@: protection aura
A: retaliatory headbutt, horns 2
a: Evoke Flight


You were on level 6 of the Dungeon.
You were not hungry.

You visited 1 branch of the dungeon, and saw 6 of its levels.

You collected 178 gold pieces.

Inventory:

Hand Weapons
 k - a +0 flail of protection (weapon)
Armour
 a - a +0 robe (worn)
 u - a +0 chain mail
Jewellery
 m - a +3 ring of strength {unknown}
 n - an uncursed ring of poison resistance
 p - a cursed ring of see invisible
 q - an uncursed ring of resist corrosion
 t - a ring of flight (right hand)
 w - a ring of magical power (left hand)
 x - a +1 ring of slaying {unknown}
 y - an uncursed ring of stealth
Wands
 v - a wand of random effects (25)
 A - a wand of disintegration (15)
 B - a wand of digging (6)
Scrolls
 d - 3 scrolls of remove curse
 e - 2 scrolls of teleportation
 h - a scroll of blinking
 i - 3 scrolls of enchant weapon {unknown}
 j - 2 scrolls of enchant armour {unknown}
 r - a scroll of amnesia {unknown}
 s - a scroll of noise {unknown}
Potions
 c - a potion of agility {unknown}
 f - a potion of mutation {unknown}
 g - a potion of curing {unknown}
 l - 2 potions of lignification {unknown}
 z - a potion of berserk rage {unknown}
Comestibles
 b - 5 rations


   Skills:
 + Level 5.5 Fighting
 * Level 8.9 Maces & Flails
 + Level 5.4 Dodging
 + Level 2.7 Stealth
 - Level 3.8 Unarmed Combat
 + Level 0.5 Spellcasting
 + Level 0.3 Translocations


You had 6 spell levels left.
You knew the following spells:

 Your Spells              Type           Power        Failure   Level  Hunger
a - Blink                 Tloc           N/A          50%         2    ###....

Your spell library contained the following spells:

 Spells                   Type           Power        Failure   Level  Hunger
 Magic Dart               Conj           #...         41%         1    ##.....
 Call Imp                 Summ           #.......     56%         2    ###....
 Slow                     Hex            #.......     56%         2    ###....
 Conjure Flame            Conj/Fire      #.......     80%         3    ####...
 Mephitic Cloud           Conj/Pois/Air  #.......     80%         3    ####...


Dungeon Overview and Level Annotations

Branches:
Dungeon (6/15)
 Temple: D:4-7

Altars:
Ashenzari
Dithmenos
Fedhas
Gozag
Makhleb
Qazlal
Ru
Vehumet
The Shining One

Annotations:
D:4 3 runed translucent doors, exclusion: oklob plant, daftaero's ghost, novice DsGl


Innate Abilities, Weirdness & Mutations

You reflexively headbutt those who attack you in melee.
You have a pair of horns on your head.


Message History

You barely miss the orc warrior.
You headbutt the orc warrior, but do no damage.
The orc warrior is almost dead.
The orc warrior closely misses you.
You hit the orc warrior but do no damage.
Your weapon exudes an aura of protection.
You headbutt the orc warrior.
The orc warrior is almost dead.
The orc warrior hits you with a +0 long sword!
* * * LOW HITPOINT WARNING * * *
You closely miss the orc warrior.
The orc warrior is almost dead.
The orc warrior hits you with a +0 long sword!
* * * LOW HITPOINT WARNING * * *
You hit the orc warrior. You headbutt the orc warrior.
You kill the orc warrior!
You hear some strange, mumbled words.
A puff of flame appears from out of thin air!
The puff of flame hits you!
You die...

. #.# . #.#
o## #.# ..##
####.#####
...##
#...o..o.#
....##
#..#.###.#
...o.####....#
#o#
...o{o)..o...#
#)#
....o####...##
#@# ....##
#..## #.#
...##
#.######.#
..##
#........# '##
#.######## .#
#.# .# #.# .##
#.# ..## #.#


You could see 2 orcs.

Vanquished Creatures
  2 ice beasts (D:5)
  2 orc warriors (D:6)
  2 ogres
  A centaur (D:5)
  A scorpion (D:5)
  A howler monkey (D:5)
  A quasit (D:5)
  3 orc wizards (D:3)
  A bullfrog skeleton (D:4)
  A hound (D:4)
  A centaur skeleton (D:4)
  A worker ant (D:4)
  10 gnolls
  8 adders
  A shadow imp (D:5)
  An adder zombie (D:2)
  An adder skeleton (D:4)
  2 worms
  2 dart slugs (D:2)
  5 leopard geckos
  15 orcs
  4 giant cockroaches
  14 goblins
  5 hobgoblins
  2 jackals (D:2)
  3 quokkas
  6 bats
  2 frilled lizards
  A jackal skeleton (D:5)
  A jackal zombie (D:6)
  4 kobolds
  8 rats
112 creatures vanquished.

Notes
Turn   | Place    | Note
-------+----------+-------------------------------------------
     0 | D:1      | Lostdux the Minotaur Monk began the quest for the Orb.
     0 | D:1      | Reached XP level 1. HP: 19/19 MP: 0/0
   732 | D:2      | Reached XP level 2. HP: 27/27 MP: 1/1
  1098 | D:2      | Reached XP level 3. HP: 22/33 MP: 2/2
  1221 | D:2      | Reached skill level 1 in Maces & Flails
  1240 | D:2      | Reached XP level 4. HP: 30/40 MP: 3/3
  1623 | D:3      | Reached skill level 2 in Maces & Flails
  1870 | D:3      | Reached skill level 3 in Maces & Flails
  1870 | D:3      | Reached XP level 5. HP: 32/47 MP: 4/4
  2371 | D:3      | Reached skill level 4 in Maces & Flails
  2823 | D:4      | Reached XP level 6. HP: 51/53 MP: 5/5
  2837 | D:4      | Reached skill level 5 in Maces & Flails
  2936 | D:4      | Reached skill level 6 in Maces & Flails
  3314 | D:4      | Found a shattered altar of Ashenzari.
  3315 | D:4      | Found a burning altar of Makhleb.
  3316 | D:4      | Found a shadowy altar of Dithmenos.
  3316 | D:4      | Found a glowing golden altar of the Shining One.
  3317 | D:4      | Found a stormy altar of Qazlal.
  3317 | D:4      | Found an opulent altar of Gozag.
  3317 | D:4      | Found a radiant altar of Vehumet.
  3317 | D:4      | Found a sacrificial altar of Ru.
  3398 | D:4      | Found a runed translucent gate.
  3399 | D:4      | Found a runed translucent gate.
  3400 | D:4      | Found a runed translucent gate.
  3404 | D:4      | Noticed daftaero's ghost (novice DsGl)
  3448 | D:4      | Reached skill level 5 in Dodging
  3448 | D:4      | Reached XP level 7. HP: 51/60 MP: 6/6
  3458 | D:4      | Learned a level 2 spell: Blink
  3510 | D:4      | Found a blossoming altar of Fedhas.
  3523 | D:4      | Noticed an oklob plant
  3800 | D:5      | Entered Level 5 of the Dungeon
  3806 | D:5      | Reached skill level 5 in Fighting
  3871 | D:5      | Reached skill level 7 in Maces & Flails
  4199 | D:5      | HP: 3/61 [ice beast (7)]
  4201 | D:5      | Reached skill level 8 in Maces & Flails
  4201 | D:5      | Reached XP level 8. HP: 28/69 MP: 7/7
  4633 | D:6      | HP: 1/69 [orc warrior/+0 long sword (20)]
  4651 | D:6      | Killed from afar by an orc wizard

Levels and vault maps discovered:
D:1:      dpeg_arrival_rhombi, layout_loops_corners
D:2:      layout_loops_ring, corner_web_ring, hangedman_glass_teeth
D:3:      layout_basic
D:4:      layout_cave_pools, grunt_temple_overflow_open,
          gammafunk_ghost_necromancy, tgw_fedhas
D:5:      layout_rooms, first_ration
D:6:      layout_loops_corners, nicolae_overflow_crystal_walls,
          biasface_ghost_orc_armoury

Skill      XL: |  1  2  3  4  5  6  7 |
---------------+----------------------+-----
Dodging        | 4 5 |  5.4
Fighting       | 4 5 |  5.5
Maces & Flails | 1 3 4 6 8 |  8.9
Stealth        | 2 |  2.7
Unarmed Combat | |  3.8
Spellcasting   | |  0.5
Translocations | |  0.3

Action                   |  1- 3 |  4- 6 |  7- 9 || total
-------------------------+-------+-------+-------++-------
Melee: Unarmed           |    33 |       |       ||    33
       Headbutt          |    11 |    21 |    34 ||    66
       Punch             |     3 |       |     5 ||     8
       Flail             |    47 |   135 |   106 ||   288
 Cast: Blink             |       |       |     4 ||     4
  Use: Scroll            |     1 |     7 |     1 ||     9
       Potion            |       |       |     2 ||     2
 Stab: Sleeping          |       |     3 |     1 ||     4
  Eat: Chunk             |     1 |     6 |     2 ||     9
       Ration            |       |       |     1 ||     1
Armor: Robe              |    17 |    47 |    28 ||    92
Dodge: Dodged            |    56 |   140 |    74 ||   270

Table legend:
 A = Non-vault XP
 B = Vault XP
 C = Vault XP percentage of total XP
 D = Non-vault monster count
 E = Vault monster count
 F = Vault count percentage of total count
                 A         B        C        D         E       F
            +---------+---------+-------+---------+---------+-------
      Total |    1751 |       0 |   0.0 |     112 |       0 |   0.0
            +---------+---------+-------+---------+---------+-------
        D:1 |      11 |       0 |   0.0 |       7 |       0 |   0.0
        D:2 |     102 |       0 |   0.0 |      30 |       0 |   0.0
        D:3 |     261 |       0 |   0.0 |      37 |       0 |   0.0
        D:4 |     373 |       0 |   0.0 |      16 |       0 |   0.0
        D:5 |     731 |       0 |   0.0 |      19 |       0 |   0.0
        D:6 |     273 |       0 |   0.0 |       3 |       0 |   0.0
            +---------+---------+-------+---------+---------+-------
